 Dungeon Crawl Stone Soup version 0.25-a0-503-ge281fa673e (webtiles) character file.

Game seed: 12921291339027815397, levelgen mode: deterministic

3441 Emblim88 the Covert (level 9, -10/46 HPs)
             Began as a Spriggan Assassin on Feb 13, 2020.
             Was an Initiate of Gozag.
             Killed by the air
             ... invoked by Gastronok
              (25 damage)
             ... on level 8 of the Dungeon.
             The game lasted 00:45:00 (9515 turns).

Emblim88 the Covert (Spriggan Assassin)             Turns: 9515, Time: 00:45:02

Health: -10/46     AC:  7    Str:  8    XL:     9   Next: 77%
Magic:  12/12      EV: 24    Int: 12    God:    Gozag
Gold:   403        SH:  7    Dex: 20    Spells: 6/8 levels left

rFire    . . .     SeeInvis +   H - +2 long sword (distort)
rCold    . . .     Gourm    .   B - +1 buckler "Techurr" {+Inv MR+}
rNeg     . . .     Faith    .   A - +0 acid dragon scales
rPois    .         Spirit   .   (helmet restricted)
rElec    .         Reflect  .   c - +0 cloak
rCorr    +         Harm     .   (gloves unavailable)
MR       ++...                  (boots unavailable)
Stlth    +++++.....             (no amulet)
HPRegen  0.15/turn              z - ring of see invisible
MPRegen  0.13/turn              (no ring)

@: very quick
A: very small, unfitting armour, see invisible, herbivore, speed 3, slow
metabolism 2
a: Potion Petition, Call Merchant, Bribe Branch, Renounce Religion, Evoke
Invisibility


You were on level 8 of the Dungeon.
You worshipped Gozag.
Gozag was aware of your devotion.
You were hungry.

You visited 1 branch of the dungeon, and saw 8 of its levels.

You collected 1364 gold pieces.
You spent 942 gold pieces at shops.
You paid 19 gold pieces to Gozag.

Inventory:

Hand Weapons
 j - a +4 short sword of venom
 H - a +2 long sword of distortion (weapon)
Missiles
 d - 33 poisoned darts (quivered)
 e - 6 curare-tipped darts
 m - 281 stones
 y - a throwing net
Armour
 c - a +0 cloak (worn)
 r - a +1 robe of the Archmagi
 A - +0 acid dragon scales (worn)
 B - the +1 buckler "Techurr" (worn) {+Inv MR+}
   (You bought it in a shop on level 7 of the Dungeon)

   It affects your resistance to hostile enchantments.
   It lets you turn invisible.
Jewellery
 z - a ring of see invisible (left hand)
Wands
 q - a wand of paralysis (8)
 G - a wand of iceblast (5)
 I - a wand of clouds (4)
Scrolls
 h - 4 scrolls of teleportation {unknown}
 k - 3 scrolls of fog
 n - 3 scrolls of blinking
 s - 5 scrolls of enchant armour
 t - 6 scrolls of remove curse
 u - 3 scrolls of fear
 v - 2 scrolls of amnesia
 w - a scroll of magic mapping
Potions
 b - 2 potions of flight {unknown}
 g - a potion of invisibility
 i - 2 potions of haste
 o - 2 potions of heal wounds
 p - a potion of lignification {unknown}
 x - a potion of berserk rage {unknown}
 C - a potion of degeneration {unknown}
 D - 2 potions of mutation {unknown}
 E - a potion of resistance {unknown}
 F - a potion of ambrosia {unknown}
Comestibles
 f - 11 rations


   Skills:
 + Level 4.3 Fighting
 - Level 5.7(5.9) Short Blades
 * Level 1.7(3.2) Long Blades
 + Level 5.3 Throwing
 * Level 10.1 Dodging
 + Level 12.0 Stealth
 - Level 3.2 Hexes
 * Level 3.4 Evocations


You had 6 spell levels left.
You knew the following spells:

 Your Spells              Type           Power        Failure   Level  Hunger
a - Ensorcelled Hibernat  Hex/Ice        #.....       61%         2    ###....

Your spell library contained the following spells:

 Spells                   Type           Power        Failure   Level  Hunger
 Corona                   Hex            #......      26%         1    ##.....
 Slow                     Hex            #.......     36%         2    ###....
 Confusing Touch          Hex            #.......     61%         3    ####...
 Tukima's Dance           Hex            #.......     61%         3    ####...
 Animate Skeleton         Necr           N/A          69%         1    ##.....
 Apportation              Tloc           #.....       69%         1    ##.....
 Magic Dart               Conj           #...         69%         1    ##.....
 Summon Small Mammal      Summ           #...         69%         1    ##.....
 Blink                    Tloc           N/A          83%         2    ###....
 Call Imp                 Summ           #.......     83%         2    ###....
 Dazzling Flash           Conj/Hex       #.....       83%         3    ####...
 Conjure Flame            Conj/Fire      #.......     96%         3    ####...
 Mephitic Cloud           Conj/Pois/Air  #.......     96%         3    ####...


Dungeon Overview and Level Annotations

Branches:
Dungeon (8/15)             Temple (0/1) D:4
   Lair: D:8-11

Altars:
Elyvilon
Gozag
Hepliaklqana
Nemelex Xobeh
Qazlal
Ru
Sif Muna
Trog
Wu Jian

Shops:
D:5 :   D:7 *[

Annotations:
D:3 1 transporter, anet's ghost, amateur DEWz
D:8 Gastronok


Innate Abilities, Weirdness & Mutations

You are very small and have problems with some larger weapons.
You are too small for most types of armour.
You have supernaturally acute eyesight. (SInv)
You are a herbivore.
You cover ground extremely quickly.
You need to consume almost no food.


Message History

You throw a poisoned dart. The poisoned dart hits Gastronok.
Gastronok is poisoned.
Gastronok is severely wounded.
Throwing (i - inventory. (/) - cycle)
d - 35 poisoned darts (quivered)
Press: ? - help, Shift-Dir - straight line, f/p - Gastronok
Aim: Gastronok, wearing a +1 hat (severely wounded, poisoned)
You throw a poisoned dart. The poisoned dart hits Gastronok.
Gastronok looks even sicker.
Gastronok is severely wounded.
Throwing (i - inventory. (/) - cycle)
d - 34 poisoned darts (quivered)
Press: ? - help, Shift-Dir - straight line, f/p - Gastronok
Aim: Gastronok, wearing a +1 hat (severely wounded, very poisoned)
You throw a poisoned dart. The poisoned dart hits Gastronok.
Gastronok looks even sicker.
Gastronok is severely wounded.
Gastronok waves his eye-stalks in wide circles.
The air twists around and strikes you!!
Ouch! That really hurt!
You die...
Your body crumbles into a pile of gold.

#......'.............+
#......###+###.###'###
###......# #.# #.# #.#
#........# #.###.###.#
###......# #...'.'...#
#.<...[# #####.#####
#....).# #.#
#.....)#######'#######.
######.)..@............
####............#
##)##(#..#####
#########w.##...#####
....................#
#######..#.#..#####.#
#...##....# .#
#.#####...# # ##.#
##....#


You could see Gastronok.

Vanquished Creatures
  Pikel (D:5)
  A hippogriff (D:7)
  Sigmund (D:2)
  4 orc warriors
  3 slaves (D:5)
  A sky beast (D:5)
  An ice beast (D:5)
  2 phantoms
  3 ogres
  A centaur (D:7)
  4 big kobolds
  A bullfrog (D:7)
  A killer bee (D:6)
  A howler monkey (D:4)
  2 crimson imps
  A centaur zombie (D:6)
  4 orc priests
  2 hounds
  7 orc wizards
  3 centaur skeletons (D:4)
  A bullfrog skeleton (D:6)
  A gnoll shaman (D:3)
  An iguana (D:6)
  7 worker ants
  2 hound skeletons
  A worker ant zombie (D:5)
  9 gnolls
  9 adders
  A shadow imp (D:7)
  An ooze (D:1)
  2 adder skeletons
  2 worms
  3 dart slugs
  7 leopard geckos
  15 orcs
  6 giant cockroaches
  17 goblins
  7 hobgoblins
  8 jackals
  7 quokkas
  2 ball pythons
  8 bats
  4 frilled lizards
  A giant cockroach zombie (D:4)
  19 kobolds
  A quokka skeleton (D:7)
  7 rats
193 creatures vanquished.

Vanquished Creatures (others)
  A howler monkey zombie (D:8)
  An orc (D:8)
2 creatures vanquished.

Grand Total: 195 creatures vanquished

Notes
Turn   | Place    | Note
-------+----------+-------------------------------------------
     0 | D:1      | Emblim88 the Spriggan Assassin began the quest for the Orb.
     0 | D:1      | Reached XP level 1. HP: 10/10 MP: 2/2
   176 | D:1      | Reached skill level 6 in Stealth
   226 | D:1      | Reached XP level 2. HP: 15/15 MP: 3/3
   685 | D:1      | Reached XP level 3. HP: 18/18 MP: 4/4
  1091 | D:2      | Found an opulent altar of Gozag.
  1101 | D:2      | Became a worshipper of Gozag Ym Sagoz the Greedy
  1276 | D:2      | Found a sparkling altar of Nemelex Xobeh.
  1346 | D:2      | Noticed Sigmund
  1350 | D:2      | Killed Sigmund
  1350 | D:2      | Reached skill level 7 in Stealth
  1350 | D:2      | Reached XP level 4. HP: 22/23 MP: 5/5
  1350 | D:2      | Reached XP level 5. HP: 26/27 MP: 6/6
  1988 | D:3      | Found a hazy altar of Hepliaklqana.
  2110 | D:3      | Noticed anet's ghost (amateur DEWz)
  2110 | D:3      | Noticed an ogre
  2126 | D:3      | Found a transporter.
  2134 | D:3      | Reached XP level 6. HP: 32/32 MP: 7/7
  2166 | D:3      | Found a bloodstained altar of Trog.
  2328 | D:3      | Identified the +8 great mace of Cataclysm {elec, rPois}
  2800 | D:3      | Reached skill level 8 in Stealth
  2813 | D:3      | Reached skill level 5 in Dodging
  3559 | D:4      | Found a staircase to the Ecumenical Temple.
  3844 | D:4      | Reached XP level 7. HP: 14/35 MP: 8/8
  4174 | D:4      | Found a white marble altar of Elyvilon.
  4308 | D:4      | Reached skill level 9 in Stealth
  4517 | D:4      | Found a sacrificial altar of Ru.
  5114 | D:4      | Found a shimmering blue altar of Sif Muna.
  5152 | D:5      | Entered Level 5 of the Dungeon
  5173 | D:5      | Found an ornate altar of the Wu Jian Council.
  5184 | D:5      | Learned a level 2 spell: Ensorcelled Hibernation
  5192 | D:5      | Reached XP level 8. HP: 38/40 MP: 9/9
  5578 | D:5      | Reached skill level 10 in Stealth
  5578 | D:5      | Reached skill level 1 in Hexes
  5592 | D:5      | Found Mubuly's Book Boutique.
  5686 | D:5      | Noticed Pikel
  5851 | D:5      | Killed Pikel
  5851 | D:5      | Reached skill level 5 in Short Blades
  6497 | D:6      | Reached skill level 11 in Stealth
  6634 | D:6      | Reached XP level 9. HP: 32/45 MP: 10/10
  7755 | D:7      | Found Omez's Armour Shoppe.
  7795 | D:7      | Reached skill level 1 in Evocations
  7818 | D:7      | Reached skill level 5 in Throwing
  7915 | D:7      | Bought the +1 buckler "Techurr" {+Inv MR+} for 320 gold
                  | pieces
  8140 | D:7      | Found Neilom's General Store.
  8146 | D:7      | Bought a potion of haste for 150 gold pieces
  8146 | D:7      | Bought a scroll of enchant armour for 112 gold pieces
  8146 | D:7      | Bought a wand of clouds (4) for 360 gold pieces
  8256 | D:7      | Found a stormy altar of Qazlal.
  8594 | D:8      | Reached skill level 1 in Long Blades
  8891 | D:7      | Reached skill level 10 in Dodging
  8891 | D:7      | Reached skill level 12 in Stealth
  9264 | D:8      | Noticed Gastronok
  9515 | D:8      | Killed from afar by Gastronok

Levels and vault maps discovered:
D:1:      scummos_arrival_hexagon, layout_loops_corners
D:2:      layout_basic, nicolae_overflow_crystal_walls, lemuel_doored_altar,
          uniq_sigmund
D:3:      layout_basic, old_standard_altar, lemuel_crystal_altar,
          gammafunk_ghost_smash
D:4:      cheibrodos_thug_alley, layout_cave_pools, elyvilon_altar_5,
          lemuel_blue_sif_altar, marbit_many_paths,
          minmay_temple_entry_gardened_gates, first_ration
D:5:      layout_rooms, old_standard_altar, serial_shops, shop_statue,
          uniq_pikel
D:6:      layout_basic, chequers_jeans
D:7:      layout_basic, grunt_qazlal_sundering, serial_shops,
          nicolae_shop_stone, shop
D:8:      layout_rooms, kennysheep_mini_moat, grunt_livestock,
          minmay_door_square, uniq_gastronok

Skill      XL: |  1  2  3  4  5  6  7  8  9 |
---------------+----------------------------+-----
Stealth        | 6 7 8 9 11 12 | 12.0
Dodging        | 2 4 5 7 8 10 | 10.1
Fighting       | 2 3 4 |  4.3
Short Blades   | 3 4 5 |  5.7
Throwing       | 3 4 5 |  5.3
Hexes          | 2 3 |  3.2
Evocations     | 3 |  3.4
Long Blades    | 1 |  1.7

Action                   |  1- 3 |  4- 6 |  7- 9 || total
-------------------------+-------+-------+-------++-------
Melee: Dagger            |    65 |       |       ||    65
       Short sword       |    19 |   144 |   308 ||   471
       Long sword        |       |       |   113 ||   113
Throw: Dart              |    15 |    15 |    59 ||    89
       Stone             |       |     8 |    38 ||    46
  Use: Scroll            |       |     5 |     7 ||    12
       Potion            |       |       |     2 ||     2
 Stab: Sleeping          |     8 |    16 |    14 ||    38
       Distracted        |       |       |     4 ||     4
  Eat: Ration            |       |       |     3 ||     3
Armor: Robe              |     8 |    15 |     9 ||    32
       Acid dragon scale |       |       |    25 ||    25
Dodge: Dodged            |    54 |   137 |   316 ||   507
Block: Buckler           |       |       |    50 ||    50
       Rpst.: Long sword |       |       |    23 ||    23

Table legend:
 A = Non-vault XP
 B = Vault XP
 C = Vault XP percentage of total XP
 D = Non-vault monster count
 E = Vault monster count
 F = Vault count percentage of total count
                 A         B        C        D         E       F
            +---------+---------+-------+---------+---------+-------
      Total |    3857 |    1059 |  21.5 |     181 |      11 |   5.7
            +---------+---------+-------+---------+---------+-------
        D:1 |      48 |       0 |   0.0 |      24 |       0 |   0.0
        D:2 |      49 |     223 |  82.0 |      19 |       1 |   5.0
        D:3 |     305 |       0 |   0.0 |      38 |       0 |   0.0
        D:4 |     570 |     207 |  26.6 |      26 |       9 |  25.7
        D:5 |     412 |     629 |  60.4 |       8 |       1 |  11.1
        D:6 |     409 |       0 |   0.0 |      13 |       0 |   0.0
        D:7 |    1404 |       0 |   0.0 |      33 |       0 |   0.0
        D:8 |     660 |       0 |   0.0 |      20 |       0 |   0.0
            +---------+---------+-------+---------+---------+-------
